Map: At Eternity's Edge LE

Players

AMCHOLDER

  • Race: Zerg Zerg
  • League: Diamond

eScualo - Winner!

  • Race: Protoss Protoss
  • League: Diamond

VOD

Have the link to the VOD?

Description

Time

  • Played on: Aug. 19, 2026, 8:27 a.m.
  • Length: 7:13
Show
View Real Time Build Order
Export as new Build Order

AMCHOLDER Zerg 

Build Orders: Hatch First, Roach Nydus 

Get SALT Encoding   

  8  0:01  Drone  
  9  0:10  Drone  
  10  0:16  Drone  
  11  0:27  Overlord  
  11  0:33  Drone  
  12  0:45  Drone x2  
  14  0:51  Drone  
  15  1:11  Hatchery  
  14  1:14  Drone  
  14  1:18  Drone  
  16  1:21  Drone  
  17  1:32  Extractor  
  17  1:38  Spawning Pool  
  15  1:40  Drone  
  15  1:44  Drone  
  17  1:51  Drone  
  18  2:00  Drone  
  19  2:10  Overlord  
  19  2:23  Drone  
  20  2:31  Extractor, Roach Warren  
  20  2:34  Drone  
  19  2:37  Lair  
  18  2:47  Drone  
  19  2:52  Drone  
  20  2:58  Overlord  
  20  2:59  Overlord  
  20  3:02  Drone  
  21  3:10  Drone  
  22  3:21  Drone  
  23  3:30  Overlord  
  23  3:36  Nydus Network, Queen  
  23  3:38  Zergling x2  
  25  3:42  Roach  
  27  3:52  Roach  
  31  4:03  Roach  
  33  4:10  Roach  
  33  4:15  Queen  
  35  4:20  Nydus Canal  
  35  4:22  Roach  
  37  4:29  Roach  
  39  4:36  Nydus Canal  
  38  4:47  Roach x3  
  42  5:04  Roach  
  42  5:05  Roach x2  
  44  5:19  Spore Crawler x2  
  44  5:20  Spine Crawler  
  37  5:21  Spore Crawler  
  34  6:01  Roach x3  
  36  6:33  Overlord  
  36  6:36  Queen  
  36  6:42  Spine Crawler  
  35  6:48  Ravager  
Show
View Real Time Build Order
Export as new Build Order

eScualo Protoss - Winner!

Build Orders:  

Get SALT Encoding   

  8  0:00  Probe (Chrono Boost)  
  9  0:12  Probe (Chrono Boost)  
  10  0:18  Probe (Chrono Boost)  
  11  0:27  Probe  
  12  0:36  Pylon  
  12  0:39  Probe  
  13  0:54  Probe  
  14  0:57  Forge  
  14  1:07  Pylon  
  14  1:12  Probe  
  15  1:28  Probe  
  15  1:30  Photon Cannon  
  16  1:45  Probe (Chrono Boost)  
  17  1:49  Gateway  
  17  1:52  Assimilator  
  17  1:55  Probe (Chrono Boost)  
  17  2:01  Probe  
  19  2:11  Photon Cannon  
  20  2:21  Photon Cannon  
  19  2:27  Probe  
  20  2:33  Assimilator  
  20  2:42  Cybernetics Core  
  20  2:45  Probe (Chrono Boost)  
  20  2:50  Pylon  
  21  2:55  Probe (Chrono Boost)  
  22  3:00  Probe (Chrono Boost)  
  23  3:11  Probe  
  24  3:19  Stargate  
  24  3:24  Probe  
  25  3:42  Nexus  
  25  3:46  Probe  
  26  3:52  Stalker (Chrono Boost)  
  28  3:58  Probe  
  28  4:08  Void Ray (Chrono Boost)  
  32  4:17  Probe  
  33  4:24  Stalker  
  35  4:34  Shield Battery  
  31  4:51  Probe  
  25  5:10  Stalker  
  27  5:14  Probe x2  
  29  5:26  Probe  
  29  5:27  Photon Cannon  
  30  5:37  Stalker  
  31  6:04  Stalker (Chrono Boost)  
  31  6:06  Photon Cannon  
  31  6:09  Photon Cannon  
  33  6:29  Stalker (Chrono Boost)  
  33  6:30  Probe  
  34  6:42  Probe  
  34  6:47  Shield Battery  
Tags
 
Add a new tag
Caveats
  • Supply blocks, unpowered buildings, or Contaminate may cause inaccurate times.
  • Supply counts are checked every 10 seconds.